 Dungeon Crawl Stone Soup version 0.20.1-1-g8b1a95d (webtiles) character file.

41262 Thyosulf the Bludgeoner (level 13, -7/119 HPs)
             Began as a Minotaur Monk on Dec 8, 2017.
             Was an Elder of Jiyva.
             Mangled by a death yak (12 damage)
             ... on level 6 of the Lair of Beasts.
             The game lasted 01:33:32 (19590 turns).

Thyosulf the Bludgeoner (Minotaur Monk)            Turns: 19590, Time: 01:33:33

Health: -7/119     AC: 23    Str: 17    XL:     13   Next: 79%
Magic:  12/12      EV: 15    Int:  9    God:    Jiyva [****..]
Gold:   1207       SH:  5    Dex: 13    Spells: 12/12 levels left

rFire    . . .     SeeInvis .   v - +2 dire flail (protect)
rCold    . . .     Gourm    .   (shield currently unavailable)
rNeg     . . .     Faith    .   e - +2 ring mail {rPois}
rPois    +         Spirit   .   (helmet restricted)
rElec    .         Reflect  +   K - +0 cloak
rCorr    +         Harm     .   u - +0 pair of gloves
MR       .....                  (no boots)
Stlth    ++........             x - +5 amulet of reflection
Regen    0.3/turn               D - +4 ring of protection
MPRegen  0.2/turn               (no ring)

@: barbed spikes, protection aura
A: retaliatory headbutt, horns 2, blurry vision 1, dopey 1
a: Request Jelly, Slimify, Renounce Religion


You were on level 6 of the Lair of Beasts.
You worshipped Jiyva.
Jiyva was greatly pleased with you.
You were not hungry.

You visited 3 branches of the dungeon, and saw 18 of its levels.

You collected 1207 gold pieces.

Inventory:

Hand Weapons
 a - a +1 hand axe
 v - a +2 dire flail of protection (weapon)
 L - a +0 battleaxe
 M - a +0 scimitar of holy wrath
Missiles
 d - 362 stones (quivered)
 t - 14 tomahawks
Armour
 e - a +2 ring mail of poison resistance (worn)
 u - a +0 pair of gloves (worn)
 K - a +0 cloak (worn)
Jewellery
 x - a +5 amulet of reflection (around neck)
 D - a +4 ring of protection (left hand)
 I - an uncursed ring of ice
 Q - an uncursed amulet of guardian spirit
Wands
 h - a wand of confusion (26/48)
 n - a wand of flame (44/48)
 q - a wand of random effects (28/48)
 A - a wand of flame (17/48)
 B - a wand of random effects (35/48)
 J - a wand of iceblast (6/15)
 N - a wand of random effects (11/48)
 O - a wand of polymorph (18/24)
 R - a wand of confusion (29/48)
Scrolls
 r - 11 scrolls of remove curse
 y - 3 scrolls of enchant armour
 z - 2 scrolls of recharging
 E - 7 scrolls of teleportation
 T - a scroll of blinking
Potions
 b - a potion of resistance
 f - a potion of cancellation
 g - 2 potions of haste {unknown}
 i - 2 potions of berserk rage
 j - 3 potions of heal wounds
 k - 2 potions of might
 m - a potion of magic {unknown}
 p - 2 potions of degeneration {unknown}
 s - 3 potions of mutation
 w - 5 potions of brilliance
 C - 4 potions of flight
 G - 2 potions of lignification
 P - 3 potions of curing
 S - 2 potions of agility {unknown}
Books
 o - a book of Battle

   Spells                             Type                      Level
   a - Infusion                       Charms                       1
   b - Shroud of Golubria             Charms/Translocation         2
   c - Song of Slaying                Charms                       2
   d - Spectral Weapon                Hexes/Charms                 3
   e - Regeneration                   Charms/Necromancy            3
Miscellaneous
 F - a lightning rod (4/4)
Comestibles
 c - 13 bread rations
 l - 8 royal jellies
 H - 11 fruits


   Skills:
 + Level 12.5 Fighting
 + Level 8.0(13.1) Axes
 + Level 16.2(16.7) Maces & Flails
 * Level 8.3 Throwing
 * Level 12.5 Armour
 + Level 8.5 Dodging
 + Level 3.0 Stealth
 + Level 0.6 Evocations


You had 12 spell levels left.
You didn't know any spells.

Dungeon Overview and Level Annotations

Branches:
Dungeon (11/15)            Temple (1/1) D:4            Lair (6/6) D:11
  Swamp (0/4) Lair:4        Snake (0/4) Lair:4        Slime (0/5) Lair:5
    Orc (0/2) D:10

Altars:
Ashenzari
Cheibriados
Dithmenos
Elyvilon
Fedhas
Gozag
Hepliaklqana
Kikubaaqudgha
Makhleb
Nemelex Xobeh
Okawaru
Qazlal
Ru
Sif Muna
Trog
Uskayaw
Vehumet
Xom
Yredelemnul
Zin
The Shining One
Jiyva

Annotations:
Lair:3 exclusion: oklob plant
Lair:5 exclusion: oklob plant


Innate Abilities, Weirdness & Mutations

You reflexively headbutt those who attack you in melee.
You have a pair of horns on your head.
Scrolls take you a little longer to read.
You are dopey. (Int -2)


Message History

[Y]es or [N]o only, please.
The barbs in your skin will harm you if you move.
Continue? [Y]es or [N]o only, please.
The barbs in your skin will harm you if you move.
Continue? [Y]es or [N]o only, please.
The barbs in your skin will harm you if you move.
Continue? [Y]es or [N]o only, please.
The barbs in your skin will harm you if you move.
Continue? [Y]es or [N]o only, please.
The barbs in your skin will harm you if you move.
Continue? [Y]es or [N]o only, please.
The barbs in your skin will harm you if you move.
Continue? [Y]es or [N]o only, please.
The barbs in your skin will harm you if you move.
Continue?
Okay, then.
You puncture the death yak!
You headbutt the death yak, but do no damage.
The death yak is heavily wounded.
The death yak gores you!
You die...

..###......### #####
.# ##......# #..Y.## .
##...###P.# ..8.... #
##...####### ...8..Y #
#...###.### ###.8..Y.8
# #..##.....##
#.Y...8.8Y
###......#..P### ##YY#
##......##....P###YY##
##....####.....@YY##
##.### ##.###.Y†## ###
##.÷# ##..P#
#######..## #...## #
#.P##...## ##..### #
##......### ##...##
#....##...### ###..###
##...####...## ##...P#
#...P# ##...###.....#


You could see 4 death yaks and 4 yaks.

Vanquished Creatures
  Snorg (Lair:5)
  5 hydras
  Harold (D:10)
  2 catoblepae (Lair:6)
  5 death yaks (Lair:6)
  3 two-headed ogres
  A swamp dragon (Lair:4)
  2 lindwurms
  A manticore (Lair:6)
  A cyclops (D:11)
  14 elephants
  2 black mambas
  10 spiny frogs
  2 kobold demonologists (D:11)
  A rime drake (Lair:6)
  A centaur skeleton (D:11)
  6 komodo dragons
  2 trolls
  6 polar bears
  A hornet (D:8)
  Grinder (D:4)
  3 hippogriffs (Lair:5)
  4 blink frogs (Lair:5)
  2 spriggans
  A wyvern (Lair:5)
  A water elemental (D:11)
  18 yaks
  3 basilisks
  Edmund (D:4)
  2 hungry ghosts
  9 water moccasins
  14 porcupines
  2 sky beasts
  2 orc warriors
  2 ice beasts
  3 black bears
  13 wolves
  8 ogres
  6 centaurs
  13 crocodiles
  3 big kobolds
  A wyvern zombie (D:8)
  14 bullfrogs
  A gnoll sergeant (D:8)
  3 scorpions
  7 wights
  The ghost of Daviar the Skirmisher, a weakling DsFi (D:4)
  10 killer bees
  2 howler monkeys
  3 electric eels
  6 crimson imps
  4 hounds
  A bullfrog zombie (D:9)
  3 orc priests
  3 jellies
  2 bullfrog skeletons
  7 iguanas
  8 orc wizards
  5 worker ants
  3 hell rats (D:7)
  Terence (D:3)
  A killer bee zombie (D:9)
  A worker ant zombie (D:7)
  A howler monkey skeleton (D:4)
  17 gnolls
  16 adders
  10 river rats
  4 oozes
  An adder skeleton (D:4)
  2 worms
  A dart slug (D:2)
  4 leopard geckos
  52 orcs
  5 ball pythons
  4 giant cockroaches
  6 goblins
  8 hobgoblins
  11 jackals
  19 kobolds
  9 quokkas
  6 bats
  6 frilled lizards
  A jackal skeleton (D:6)
  23 rats
  3 fungi
  A plant (Lair:5)
475 creatures vanquished.

Vanquished Creatures (others)
  A basilisk (Lair:6)
  A phantom (D:10)
  2 wolves (Lair:6)
  28 jellies
  An iguana (Lair:4)
  A quokka (D:7)
  20 fungi
  17 plants
71 creatures vanquished.

Grand Total: 546 creatures vanquished

Notes
Turn   | Place    | Note
-------+----------+-------------------------------------------
     0 | D:1      | Thyosulf the Minotaur Monk began the quest for the Orb.
     0 | D:1      | Reached XP level 1. HP: 19/19 MP: 0/0
   141 | D:1      | Reached XP level 2. HP: 23/27 MP: 1/1
   833 | D:1      | Reached XP level 3. HP: 29/33 MP: 2/2
  1224 | D:2      | Found a glowing golden altar of the Shining One.
  1384 | D:2      | Found a hide-covered altar of Uskayaw.
  1516 | D:2      | Reached XP level 4. HP: 35/40 MP: 3/3
  1524 | D:2      | Found an opulent altar of Gozag.
  1525 | D:2      | Found a shadowy altar of Dithmenos.
  1963 | D:3      | Reached skill level 5 in Axes
  2045 | D:3      | Noticed Terence
  2063 | D:3      | Killed Terence
  2063 | D:3      | Reached skill level 1 in Armour
  2063 | D:3      | Reached XP level 5. HP: 32/47 MP: 4/4
  2694 | D:3      | Found a glowing silver altar of Zin.
  3063 | D:4      | Reached XP level 6. HP: 45/55 MP: 5/5
  3126 | D:4      | You fall through a shaft!
  3126 | D:5      | Entered Level 5 of the Dungeon
  3240 | D:4      | Found a staircase to the Ecumenical Temple.
  3255 | Temple   | Entered the Ecumenical Temple
  3335 | D:4      | Noticed Daviar's ghost (weakling DsFi)
  3346 | D:4      | Killed Daviar's ghost
  3346 | D:4      | Reached skill level 5 in Fighting
  3409 | D:4      | Found a shattered altar of Ashenzari.
  3574 | D:4      | Noticed Edmund
  3593 | D:4      | Killed Edmund
  3593 | D:4      | Reached XP level 7. HP: 22/61 MP: 6/6
  3879 | D:4      | Noticed Grinder
  3891 | D:4      | Killed Grinder
  3891 | D:4      | Reached skill level 1 in Maces & Flails
  4224 | D:5      | Reached skill level 2 in Maces & Flails
  4226 | D:5      | Reached skill level 5 in Armour
  4568 | D:5      | Reached skill level 3 in Maces & Flails
  4568 | D:5      | Reached XP level 8. HP: 65/69 MP: 7/7
  4659 | D:5      | Found a snail-covered altar of Cheibriados.
  4809 | D:4      | Found a shadowy altar of Dithmenos.
  4842 | D:5      | Reached skill level 4 in Maces & Flails
  5148 | D:5      | Found a sparkling altar of Nemelex Xobeh.
  5151 | D:5      | Found a deep blue altar of Sif Muna.
  5152 | D:5      | Found a basalt altar of Yredelemnul.
  5237 | D:5      | Reached skill level 5 in Maces & Flails
  5516 | D:6      | Reached skill level 6 in Maces & Flails
  5944 | D:6      | Reached skill level 7 in Maces & Flails
  6177 | D:7      | Reached XP level 9. HP: 70/75 MP: 8/8
  6248 | D:7      | Reached skill level 8 in Maces & Flails
  6713 | D:7      | Reached skill level 9 in Maces & Flails
  7095 | D:7      | Reached skill level 1 in Throwing
  7385 | D:8      | Reached skill level 5 in Dodging
  7455 | D:8      | Paralysed by a hornet for 2 turns
  7460 | D:8      | Reached skill level 10 in Maces & Flails
  8106 | D:7      | Reached XP level 10. HP: 28/84 MP: 9/9
  8611 | D:8      | Reached skill level 11 in Maces & Flails
  8974 | D:8      | Noticed a two-headed ogre
  8980 | D:8      | Killed a two-headed ogre
  9593 | D:10     | Entered Level 10 of the Dungeon
  9616 | D:10     | Noticed a two-headed ogre
  9620 | D:10     | Killed a two-headed ogre
  9635 | D:10     | Noticed a two-headed ogre
  9644 | D:10     | Killed a two-headed ogre
  9644 | D:10     | Reached skill level 12 in Maces & Flails
  9909 | D:10     | Found a staircase to the Orcish Mines.
  9919 | D:10     | Noticed Harold
  9936 | D:10     | Killed Harold
  9936 | D:10     | Reached skill level 13 in Maces & Flails
  9936 | D:10     | Reached XP level 11. HP: 88/94 MP: 10/10
 10434 | D:11     | Found a staircase to the Lair.
 11445 | Lair:1   | Entered Level 1 of the Lair of Beasts
 11560 | Lair:1   | Reached skill level 10 in Armour
 11750 | Lair:1   | Reached skill level 14 in Maces & Flails
 13275 | Lair:3   | Found a bloodstained altar of Trog.
 13720 | Lair:3   | Reached XP level 12. HP: 67/104 MP: 11/11
 14338 | Lair:3   | Reached skill level 5 in Throwing
 14732 | Lair:4   | Found a staircase to the Swamp.
 14757 | Lair:4   | Reached skill level 10 in Fighting
 14777 | Lair:4   | Noticed a six-headed hydra
 14791 | Lair:4   | Killed a six-headed hydra
 14869 | Lair:4   | Reached skill level 15 in Maces & Flails
 14893 | Lair:4   | Noticed an eight-headed hydra
 14927 | Lair:4   | Killed an eight-headed hydra
 15200 | Lair:4   | Found a staircase to the Snake Pit.
 15764 | Lair:4   | Noticed a six-headed hydra
 15776 | Lair:4   | Killed a six-headed hydra
 16419 | Lair:5   | Noticed Snorg
 16439 | Lair:5   | Killed Snorg
 16909 | Lair:5   | Reached XP level 13. HP: 82/116 MP: 12/12
 17078 | Lair:5   | Found a blossoming altar of Fedhas.
 17187 | Lair:5   | Found a staircase to the Slime Pits.
 17187 | Lair:5   | Found a viscous altar of Jiyva.
 17195 | Lair:5   | Became a worshipper of Jiyva Jevuetix the Shapeless
 17195 | Lair:5   | Reached * piety under Jiyva
 17195 | Lair:5   | Reached ** piety under Jiyva
 17594 | Lair:6   | Entered Level 6 of the Lair of Beasts
 18025 | Lair:6   | Reached *** piety under Jiyva
 18025 | Lair:6   | Gained mutation: You are dopey. (Int -2) [Jiyva's grace]
 18284 | Lair:6   | Reached **** piety under Jiyva
 18289 | Lair:6   | Gained mutation: Scrolls take you a little longer to read. [Jiyva's grace]
 18720 | Lair:6   | Reached skill level 16 in Maces & Flails
 19589 | Lair:6   | HP: 5/119 [death yak (18)]
 19590 | Lair:6   | Mangled by a death yak

Skill      XL: |  1  2  3  4  5  6  7  8  9 10 11 12 13 |
---------------+----------------------------------------+-----
Axes           | 4 5 6 7 8 |  8.0
Fighting       | 4 5 6 8 9 11 12 | 12.5
Dodging        | 4 5 6 7 8 |  8.5
Armour         | 1 2 3 5 6 8 9 10 11 12 | 12.5
Maces & Flails | 3 7 10 13 14 15 16 | 16.2
Stealth        | 2 3 |  3.0
Throwing       | 1 2 4 7 8 |  8.3
Evocations     | |  0.6

Action                   |  1- 3 |  4- 6 |  7- 9 | 10-12 | 13-15 || total
-------------------------+-------+-------+-------+-------+-------++-------
Melee: Hand axe          |    97 |   170 |     7 |     8 |       ||   282
       Headbutt          |    12 |    37 |    91 |   162 |    90 ||   392
       Dire flail        |       |       |   483 |   727 |   319 ||  1529
Throw: Stone             |       |     1 |    18 |   171 |    22 ||   212
Evoke: Wand              |       |       |       |     3 |       ||     3
  Use: Scroll            |     5 |     3 |     5 |    14 |       ||    27
       Potion            |       |       |     2 |     4 |       ||     6
 Stab: Sleeping          |     2 |       |       |       |       ||     2
  Eat: Chunk             |     2 |     6 |    10 |    20 |     3 ||    41
       Bread ration      |       |       |     2 |       |       ||     2
       Fruit             |       |       |       |     4 |       ||     4
       Meat ration       |       |       |       |     1 |       ||     1
Armor: Robe              |     9 |       |       |       |       ||     9
       Scale mail        |    13 |    43 |   167 |    37 |       ||   260
       Ring mail         |       |       |       |   202 |    94 ||   296
Dodge: Dodged            |    47 |    53 |   224 |   294 |   128 ||   746
Block: Other             |       |       |    74 |    98 |    48 ||   220
       Reflection        |       |       |     5 |     4 |       ||     9
